 Dungeon Crawl Stone Soup version 0.15.0-13-gb296d5c (webtiles) character file.

212 CrazyArbalest the Bolt Thrower (level 5, 0/38 HPs)
             Began as a Demonspawn Hunter on Sept 2, 2014.
             Slain by a mummy (2 damage)
             ... in an ossuary.
             The game lasted 00:24:01 (3532 turns).

CrazyArbalest the Bolt Thrower (Demonspawn Hunter)  Turns: 3532, Time: 00:24:01

HP   0/38        AC  4     Str 12 (14) XL: 5   Next: 58%
MP   0/5         EV  9     Int 13      God:
Gold 147         SH  0     Dex 14      Spells:  0 memorised,  4 levels left

rFire  . . .     SeeInvis .     A - +0 cutlass (venom)
rCold  . . .     Clarity  .     w - +0 ring mail
rNeg   . . .     rCorr    .     (no shield)
rPois  .         rRot     .     (helmet restricted)
rElec  .         Spirit   +     (no cloak)
SustAb .         Warding  .     t - +0 pair of gloves
rMut   .         Stasis   .     (no boots)
Gourm  .                        (no amulet)
MR     .....                    (no ring)
                                (no ring)

@: hasted, very quick, not resistant to hostile enchantments, very unstealthy
A: antennae 1, deformed body, powered by death 1, strong 1, wild magic 1, magic
shield
a: no special abilities


You were in an ossuary.
You were not hungry.

You visited 2 branches of the dungeon, and saw 5 of its levels.
You also visited: Ossuary.

You collected 147 gold pieces.

Inventory:

Hand weapons
 a - a +0 whip
 b - a +1 hand crossbow
 u - a +0 club
 A - a +0 cutlass of venom (weapon)
Missiles
 c - 18 bolts
 m - 19 bolts of frost
Armour
 d - a +0 leather armour
 t - a +0 pair of gloves (worn)
 w - a +0 ring mail (worn)
Comestibles
 f - 5 bread rations
 g - 5 meat rations
 x - a rotting chunk of bat flesh
 C - a beef jerky
Scrolls
 e - 6 scrolls of remove curse {unknown}
 h - 3 scrolls of identify {unknown}
 i - a scroll of recharging {unknown}
 q - a scroll of random uselessness {unknown}
 y - a scroll of fear {unknown}
 B - a scroll of magic mapping {unknown}
 D - a scroll of amnesia {unknown}
Jewellery
 n - a +5 ring of dexterity {unknown}
Potions
 v - a potion of poison {unknown}
 z - a potion of heal wounds {unknown}
Books
 s - a book of Battle

   Spells                             Type                      Level
   Infusion                           Charms                       1
   Shroud of Golubria                 Charms/Translocation         2
   Song of Slaying                    Charms                       2
   Spectral Weapon                    Hexes/Charms                 3
   Regeneration                       Charms/Necromancy            3


   Skills:
 + Level 1.8 Fighting
 * Level 1.9 Maces & Flails
 * Level 4.7 Crossbows
 + Level 2.0 Armour
 + Level 2.3 Dodging
 + Level 1.4 Stealth


You had 4 spell levels left.
You didn't know any spells.

Dungeon Overview and Level Annotations

Branches:
Dungeon (4/15)             Temple (1/1) D:4

Altars:
Ashenzari
Cheibriados
Dithmenos
Elyvilon
Fedhas
Makhleb
Nemelex Xobeh
Vehumet
Zin
The Shining One

Annotations:
D:2 exclusion: inept feature mimic
D:3 SkaryMonk's ghost, average OpSu


Innate Abilities, Weirdness & Mutations

You have a pair of small antennae on your head.
You can steal the life force of nearby defeated enemies.
When hurt, damage is shared between your health and your magic reserves.
Armour fits poorly on your strangely shaped body.
Your muscles are strong. (Str +2)
Your spells are a little harder to cast, but a little more powerful.


Message History

The orc skeleton hits you.
* * * LOW HITPOINT WARNING * * *
The orc skeleton hits you but does no damage.
The mummy barely misses you.
You hit the mummy.
The mummy is moderately damaged.
The orc skeleton hits you but does no damage.
The orc skeleton hits you.
* * * LOW HITPOINT WARNING * * *
You hit the mummy but do no damage.
The mummy is moderately damaged.
The orc skeleton hits you but does no damage.
The mummy hits you!
* * * LOW HITPOINT WARNING * * *
The orc skeleton barely misses you.
Drink which item? (? for menu, Esc to quit)
You feel yourself speed up.
It was a potion of haste.
The orc skeleton hits you but does no damage.
The orc skeleton barely misses you. The mummy hits you.
You die...

#.MZ# #.Z.#
#...# #...#
#...# ##'''##
##....Z##
####.....ZM####
#W▓...∩.∩ZZ@▓W#
####......Z####
##.....##
##...## ##▓##
#W# ###


You could see 2 wraiths, a mummy and 5 orc skeletons.

Vanquished Creatures
  An ogre (D:4)
  3 adders
  3 worms
  2 giant geckos
  An orc (D:3)
  2 ball pythons (D:2)
  9 bats
  6 giant cockroaches
  10 hobgoblins
  A quokka (D:3)
  2 giant newts (D:1)
  9 goblins
  A goblin skeleton (D:4)
  3 jackals (D:3)
  A jackal skeleton (D:4)
  8 kobolds
  A kobold skeleton (D:4)
  4 orc skeletons (Ossuary)
  7 rats
74 creatures vanquished.

Notes
Turn   | Place    | Note
--------------------------------------------------------------
     0 | D:1      | CrazyArbalest, the Demonspawn Hunter, began the quest for the Orb.
     0 | D:1      | Reached XP level 1. HP: 15/15 MP: 1/1
    10 | D:1      | Noticed an electric eel
   155 | D:1      | Reached skill level 4 in Crossbows
   210 | D:1      | Gained mutation: You can steal the life force of nearby defeated enemies. [demonic ancestry]
   210 | D:1      | Reached XP level 2. HP: 21/21 MP: 2/2
   862 | D:2      | Gained mutation: You have a pair of small antennae on your head. [demonic ancestry]
   862 | D:2      | Reached XP level 3. HP: 22/26 MP: 3/3
  1027 | D:2      | Reached skill level 1 in Stealth
  1891 | D:2      | Reached skill level 1 in Maces & Flails
  2098 | D:3      | Reached XP level 4. HP: 24/32 MP: 4/4
  2755 | D:3      | Noticed SkaryMonk's ghost (average OpSu)
  2783 | D:3      | Reached skill level 1 in Armour
  3113 | D:4      | Found a staircase to the Ecumenical Temple.
  3119 | Temple   | Entered the Ecumenical Temple
  3255 | D:4      | Noticed an ogre
  3312 | D:4      | Killed an ogre
  3312 | D:4      | Gained mutation: When hurt, damage is shared between your health and your magic reserves. [demonic ancestry]
  3312 | D:4      | Reached XP level 5. HP: 16/37 MP: 5/5
  3394 | D:4      | Gained mutation: Your spells are a little harder to cast, but a little more powerful. [potion of mutation]
  3394 | D:4      | Gained mutation: Your muscles are strong. (Str +2) [potion of mutation]
  3394 | D:4      | Gained mutation: Armour fits poorly on your strangely shaped body. [potion of mutation]
  3477 | D:4      | Found a sand-covered staircase.
  3494 | Ossuary  | Entered an ossuary
  3494 | Ossuary  | Noticed a wraith
  3494 | Ossuary  | Noticed a wraith
  3494 | Ossuary  | Noticed a wraith
  3532 | Ossuary  | Slain by a mummy

Action                   |  1- 3 |  4- 6 || total
-------------------------+-------+-------++-------
Melee: Club              |    78 |       ||    78
       Short sword       |    11 |       ||    11
       Whip              |    80 |    82 ||   162
       Cutlass           |       |    51 ||    51
 Fire: Hand crossbow     |    35 |    10 ||    45
  Use: Potion            |       |     6 ||     6
 Stab: Sleeping          |     1 |       ||     1
  Eat: Chunk             |     4 |     5 ||     9
